 Dungeon Crawl Stone Soup version 0.30-a0-347-gf58ed5266c (console) character file.

Game seed: 7305344101413969706

3463 jejorda2 the Spear-Bearer (level 10, -5/76 HPs)
             Began as a Merfolk Berserker on Nov 7, 2022.
             Was a Priest of Trog.
             Slain by a manticore (18 damage)
             ... on level 7 of the Dungeon.
             The game lasted 00:14:36 (6509 turns).

jejorda2 the Spear-Bearer (Merfolk Berserker)       Turns: 6509, Time: 00:14:36

Health: -5/76      AC: 18    Str: 22    XL:     10   Next: 6%
Magic:  10/10      EV: 13    Int:  7    God:    Trog [***...]
Gold:   310        SH:  0    Dex: 13    Spells: 9/9 levels left

rFire   . . .      SeeInvis .    a - +0 halberd
rCold   . . .      Faith    .    (shield currently unavailable)
rNeg    . . .      Spirit   .    h - +2 chain mail {rPois}
rPois   +          Reflect  .    (no helmet)
rElec   .          Harm     .    q - +2 cloak
rCorr   .          Rampage  .    (no gloves)
Will    ++...                    u - +2 pair of boots
Stlth   ..........               m - amulet of the acrobat
HPRegen 1.32/turn                y - ring of flight
MPRegen 0.12/turn                l - +4 ring of evasion

@: strong-willed, on berserk cooldown, flying, regenerating, slowed, very slow
A: (nimble swimmer 2), mertail
a: Renounce Religion, Berserk, Trog's Hand


You were on level 7 of the Dungeon.
You worshipped Trog.
Trog was most pleased with you.
You visited 1 branch of the dungeon, and saw 7 of its levels.

You collected 310 gold pieces.

Inventory:

Hand Weapons
 a - a +0 halberd (weapon)
 b - a +1 trident
Missiles
 c - 2 throwing nets
 e - 58 stones
 w - 12 poisoned darts (quivered)
 z - 4 boomerangs
Armour
 h - a +2 chain mail of poison resistance (worn)
 q - a +2 cloak (worn)
 u - a +2 pair of boots (worn)
Jewellery
 j - a ring of positive energy
 l - a +4 ring of evasion (right hand)
 m - an amulet of the acrobat (around neck)
 y - a ring of flight (left hand)
Wands
 r - a wand of acid (10)
Scrolls
 f - 2 scrolls of poison
 k - a scroll of amnesia {unknown}
 o - a scroll of identify
 p - 2 scrolls of teleportation
 t - a scroll of enchant weapon
 x - a scroll of fear
Potions
 d - a potion of curing
 g - 4 potions of attraction
 i - a potion of cancellation
 n - a potion of brilliance {unknown}
 s - 2 potions of lignification
 v - a potion of heal wounds


   Skills:
 - Level 6.0 Fighting
 * Level 14.0 Polearms
 + Level 3.0 Throwing
 + Level 5.8 Armour
 - Level 2.6 Dodging


You had 9 spell levels left.
You didn't know any spells.
Your spell library was empty.

Dungeon Overview and Level Annotations

Branches:
Dungeon (7/15)             Temple (0/1) D:4

Altars:
Hepliaklqana

Shops:
D:6 [


Innate Abilities, Weirdness & Mutations

((You are very nimble when in or above water. (Stealth+, EV+, Speed+++)))
Your lower body shifts to a powerful aquatic tail in water.


Message History

You barely miss the manticore.
The manticore is heavily wounded.
The manticore bites you but does no damage.
The manticore barely misses you. The manticore claws you!
You puncture the manticore!
The manticore is severely wounded.
A black bear comes into view.
The manticore bites you but does no damage.
The manticore closely misses you. The manticore barely misses you.
You barely miss the manticore.
The manticore is severely wounded.
The black bear growls angrily.
The manticore misses you. x3
The manticore bites you but does no damage.
The manticore claws you.
The manticore claws you but does no damage.
Your skin crawls.
You feel strong-willed. The manticore closely misses you.
The manticore barely misses you. The manticore misses you.
You puncture the manticore!
The manticore is almost dead.
The manticore bites you but does no damage.
The manticore claws you but does no damage.
The manticore barely misses you.
You hit the manticore.
The manticore is almost dead.
The manticore bites you!
The manticore claws you but does no damage.
The manticore claws you.
* * * LOW HITPOINT WARNING * * *
The manticore bites you.
* * * LOW HITPOINT WARNING * * *
The manticore claws you but does no damage.
The manticore claws you.
* * * LOW HITPOINT WARNING * * *
You barely miss the manticore.
The manticore is almost dead.
The manticore bites you!!
You die...

## ### T# ..$ .#
... (####.#
#.#... #.#.#
#o..# # #H#.# #.
##@#.Dy..# ## ##
#. ##.####.###
..#..###.#####.##
#s. #.#
.###..#..## #..
##.##..####.###
#..#
..#..##.##...#
#..
..#..##.#.###.#
#.
##)##).#..#?##.#
..#..##.#.##.##.#


You could see a manticore and an orc.

Vanquished Creatures
  A boulder beetle (D:7)
  A troll (D:7)
  An acid dragon (D:7)
  A water moccasin (D:7)
  A black bear (D:7)
  2 ice beasts (D:7)
  2 ogres
  3 centaurs
  2 phantoms (D:4)
  A bullfrog (D:7)
  A gnoll sergeant (D:6)
  A necrophage (D:6)
  A scorpion (D:7)
  5 wights
  2 killer bees (D:7)
  A centaur zombie (D:4)
  5 orc priests
  3 jellies (D:5)
  3 hounds
  Crazy Yiuf (D:2)
  Jessica (D:2)
  4 iguanas
  Ijyb (D:3)
  A gnoll bouda (D:7)
  A scorpion zombie (D:4)
  4 orc wizards
  3 hound skeletons (D:4)
  A howler monkey zombie (D:4)
  3 gnolls (D:6)
  12 adders
  A shadow imp (D:7)
  2 white imps (D:6)
  An ufetubus (D:3)
  2 adder zombies (D:4)
  2 worms (D:3)
  3 dart slugs
  22 orcs
  10 endoplasms
  3 giant cockroaches
  4 goblins
  7 hobgoblins
  4 jackals (D:3)
  3 quokkas
  7 ball pythons
  3 bats
  2 frilled lizards (D:1)
  8 kobolds
  8 rats
161 creatures vanquished.

Vanquished Creatures (others)
  9 withered plants (D:4)
9 creatures vanquished.

Grand Total: 170 creatures vanquished

Notes
Turn   | Place    | Note
-------+----------+-------------------------------------------
     0 | D:1      | jejorda2 the Merfolk Berserker began the quest for the Orb.
     0 | D:1      | Reached XP level 1. HP: 18/18 MP: 1/1
   173 | D:1      | Reached XP level 2. HP: 24/24 MP: 2/2
   824 | D:1      | Reached XP level 3. HP: 28/29 MP: 3/3
  1069 | D:2      | Reached skill level 5 in Polearms
  1081 | D:2      | Reached ** piety under Trog
  1331 | D:2      | Noticed Jessica
  1339 | D:2      | Killed Jessica
  1340 | D:2      | Reached XP level 4. HP: 24/37 MP: 4/4
  1465 | D:2      | Found a hazy altar of Hepliaklqana.
  1663 | D:2      | Found a runed translucent door.
  1664 | D:2      | Noticed Crazy Yiuf
  1879 | D:2      | Killed Crazy Yiuf
  1973 | D:3      | Noticed Ijyb
  1983 | D:3      | Killed Ijyb
  1984 | D:3      | Reached skill level 6 in Polearms
  1984 | D:3      | Reached XP level 5. HP: 33/42 MP: 5/5
  2023 | D:3      | Found a faded altar of an unknown god.
  3024 | D:4      | Identified the +2 robe of Tartarus {Dex+3}
  3048 | D:4      | Found a staircase to the Ecumenical Temple.
  3106 | D:4      | Reached XP level 6. HP: 48/49 MP: 6/6
  3173 | D:4      | Reached *** piety under Trog
  3270 | D:4      | Reached skill level 7 in Polearms
  3568 | D:4      | Reached skill level 5 in Fighting
  3658 | D:4      | Reached XP level 7. HP: 33/56 MP: 7/7
  3967 | D:5      | Entered Level 5 of the Dungeon
  4071 | D:5      | Reached skill level 8 in Polearms
  4243 | D:5      | Reached skill level 9 in Polearms
  4442 | D:5      | Reached XP level 8. HP: 61/64 MP: 8/8
  4946 | D:6      | Found Hueklenn's Armour Boutique.
  5066 | D:6      | Reached skill level 10 in Polearms
  5696 | D:6      | Reached skill level 11 in Polearms
  6085 | D:6      | Reached XP level 9. HP: 69/69 MP: 9/9
  6167 | D:7      | Reached skill level 12 in Polearms
  6176 | D:7      | Reached skill level 5 in Armour
  6247 | D:7      | Identified the +6 great mace of Vengeance {vorpal, Fragile
                  | rC+ Will+ Str+6 Dex-4}
  6323 | D:7      | Noticed a boulder beetle
  6338 | D:7      | Killed a boulder beetle
  6339 | D:7      | Reached skill level 13 in Polearms
  6472 | D:7      | Noticed a troll
  6491 | D:7      | Noticed a manticore
  6499 | D:7      | Killed a troll
  6500 | D:7      | Reached skill level 14 in Polearms
  6500 | D:7      | Reached XP level 10. HP: 76/76 MP: 10/10
  6509 | D:7      | Slain by a manticore

Illustrated notes

Levels and vault maps discovered:
D:1:      minmay_arrival_loop, layout_loops_corners, roderic_serpentine_path
D:2:      layout_loops_ring, basic_altar, wad_floor_pattern_1, uniq_jessica,
          uniq_crazy_yiuf_cottage
D:3:      layout_loops_cross, basic_ecumenical_altar, minmay_misc_feat_columns,
          minmay_cupped, uniq_ijyb
D:4:      layout_loops_corners, temple_green, serial_undead, serial_undead_f,
          serial_undead_b, serial_undead_f, serial_undead_f
D:5:      layout_basic
D:6:      layout_basic, serial_shops, nicolae_shop_hallway_plus,
          palyth_stone_intersect
D:7:      minmay_the_grid_octo_tiled_octocenter
          [minmay_the_grid_octo_checkerflower, minmay_the_grid_octo_teeth,
          minmay_the_grid_octo_vomiting_pacman,
          minmay_the_grid_octo_fat_diamond, minmay_the_grid_octo_prize_big_c,
          minmay_the_grid_square_5x5_inverted_slash,
          minmay_the_grid_square_5x5_mess, minmay_the_grid_square_5x5_eight,
          minmay_the_grid_square_5x5_spiral_small], layout_loops_ring,
          nicolae_overflows_in_rows, hellmonk_guarded_unrand_lears

Skill      XL: |  1  2  3  4  5  6  7  8  9 |
---------------+----------------------------+-----
Polearms       | 5 6 7 9 11 14 | 14.0
Armour         | 2 3 4 5 |  5.8
Fighting       | 4 5 6 |  6.0
Throwing       | 3 |  3.0
Dodging        | |  2.6

Action                   |  1- 3 |  4- 6 |  7- 9 | 10-12 || total
-------------------------+-------+-------+-------+-------++-------
Melee: Spear             |    84 |   209 |       |       ||   293
       Punch             |       |     5 |     2 |       ||     7
       Trident           |       |    83 |   181 |       ||   264
       Tailslap          |       |     4 |       |       ||     4
       Halberd           |       |       |   107 |     8 ||   115
Throw: Stone             |       |     7 |       |       ||     7
       Dart              |       |       |     2 |       ||     2
Invok: Berserk           |     1 |     3 |     9 |       ||    13
       Trog's Hand       |       |       |     2 |     1 ||     3
  Use: Scroll            |       |       |    16 |       ||    16
Armor: Scale mail        |    14 |    94 |    13 |       ||   121
       Chain mail        |       |       |   102 |    12 ||   114
       Skin              |       |       |     2 |       ||     2
Dodge: Dodged            |    20 |    90 |   113 |    14 ||   237

Table legend: (Time is in decaauts)
 A = Elapsed time spent in this place.
 B = Non-inter-level travel time spent in this place.
 C = Inter-level travel time spent in this place.
 D = Time resting spent in this place.
 E = Time spent auto-exploring this place.
 F = Levels seen in this place.
 G = Mean time per level.
                   A        B        C        D        E       F      G
               +--------+--------+--------+--------+--------+-----+--------+
         Total |   6494 |   6252 |    242 |    613 |   4456 |   7 |  927.7 |
       Dungeon |   6494 |   6252 |    242 |    613 |   4456 |   7 |  927.7 |
               +--------+--------+--------+--------+--------+-----+--------+

Top non-repeatable levels by time:
     D:6: 1130 daAuts
     D:4: 1059 daAuts
     D:2: 1052 daAuts
     D:1: 997 daAuts
     D:5: 996 daAuts
     D:3: 867 daAuts
     D:7: 390 daAuts
